 Dungeon Crawl Stone Soup version 0.28-a0-1435-g82390b3a13 (webtiles) character file.

Game seed: 8241229241083141315

184 Sabo the Conjurer (level 5, -3/31 HPs)
             Began as an Octopode Conjurer on Jan 9, 2022.
             Was a Believer of Elyvilon.
             Succumbed to a water moccasin's poison
             ... on level 5 of the Dungeon.
             The game lasted 00:24:27 (3896 turns).

Sabo the Conjurer (Octopode Conjurer)               Turns: 3896, Time: 00:24:28

Health: -3/31      AC:  1    Str:  6    XL:     5   Next: 63%
Magic:  7/10       EV: 14    Int: 20    God:    Elyvilon [**....]
Gold:   56         SH:  0    Dex: 19    Spells: 10/11 levels left

rFire   . . .      SeeInvis .   q - +0 dagger (protect)
rCold   . . .      Faith    .   (no shield)
rNeg    . . .      Spirit   .   (helmet restricted)
rPois   .          Reflect  .   (no amulet)
rElec   .          Harm     .   l - +6 ring of dexterity
rCorr   .          Rampage  .   s - ring of flight
Will    .....                   (no ring)
Stlth   ++++......              (no ring)
HPRegen 0.10/turn               (no ring)
MPRegen 0.12/turn               (no ring)
                                (no ring)
                                (no ring)

@: lethally poisoned (-3 -> -25), flying
A: almost no armour, amphibious, 8 rings, camouflage 1, gelatinous body 1,
(nimble swimmer 1), tentacles
a: Renounce Religion, Purification, Heal Other


You were on level 5 of the Dungeon.
You worshipped Elyvilon.
Elyvilon was pleased with you.
You visited 1 branch of the dungeon, and saw 5 of its levels.

You collected 84 gold pieces.
You spent 28 gold pieces at shops.

Inventory:

Hand Weapons
 h - a +0 mace
 j - a +0 hunting sling
 q - a +0 dagger of protection (weapon)
Missiles
 a - 9 sling bullets
 i - 16 arrows
Jewellery
 l - a +6 ring of dexterity (left tentacle)
 s - a ring of flight (right tentacle)
Scrolls
 e - a scroll of acquirement {unknown}
 g - 3 scrolls of teleportation
 k - a scroll of holy word {unknown}
 n - a scroll of immolation {unknown}
 p - a scroll of identify
 r - a scroll of blinking {unknown}
Potions
 b - a potion of brilliance
 c - a potion of ambrosia {unknown}
 d - 2 potions of curing {unknown}
 f - a potion of cancellation
 m - a potion of heal wounds {unknown}
 o - a potion of haste {unknown}


   Skills:
 + Level 0.1 Maces & Flails
 + Level 2.2 Dodging
 + Level 3.5 Stealth
 + Level 3.5 Spellcasting
 + Level 5.4 Conjurations


You had 10 spell levels left.
You knew the following spells:

 Your Spells              Type           Power      Damage    Failure   Level
a - Magic Dart            Conj           100%       1d8       1%          1

Your spell library contained the following spells:

 Spells                   Type           Power      Damage    Failure   Level
 Searing Ray              Conj           50%        2d6       2%          2
 Dazzling Flash           Conj/Hex       28%        N/A       13%         3
 Pain                     Necr           12%        1d4       14%         1
 Blink                    Tloc           6%         N/A       21%         2
 Scorch                   Fire           6%         2d5       21%         2
 Flame Wave               Conj/Fire      14%        2d5       41%         4
 Fulminant Prism          Conj/Hex       7%         3d7       41%         4
 Iskenderun's Mystic Bla  Conj/Tloc      14%        2d5       41%         4
 Irradiate                Conj/Tmut      7%         3d15      77%         5
 Agony                    Necr           3%         N/A       98%         5
 Blade Hands              Tmut           1%         N/A       98%         5
 Excruciating Wounds      Necr           1%         N/A       98%         5
 Manifold Assault         Tloc           3%         N/A       98%         5
 Summon Cactus Giant      Summ           1%         N/A       100%        6
 Dragon Form              Tmut           1%         N/A       100%        7
 Storm Form               Tmut/Air       1%         N/A       100%        7


Dungeon Overview and Level Annotations

Branches:
Dungeon (5/15)
 Temple: D:4-7

Altars:
Cheibriados
Elyvilon

Shops:
D:2 (   D:3 ?


Innate Abilities, Weirdness & Mutations

You cannot wear most types of armour.
You are amphibious.
You can wear up to eight rings at the same time.
Your skin changes colour to match your surroundings (Stealth+).
Your rubbery body absorbs attacks. (AC +1, EV +1)
((You are camouflaged when in or above water. (Stealth+)))
You have tentacles for arms and can constrict up to eight enemies at once.


Message History

The magic dart hits the water moccasin.
The water moccasin is moderately wounded.
Casting: Magic Dart (safe; 1% risk of failure)
Confirm with . or Enter, or press ? or * to list all spells.
Aiming: Magic Dart (safe; 1% risk of failure)
Press: ? - help, Shift-Dir - straight line, f/p - water moccasin
Aim: a water moccasin (moderately wounded, 100% to hit)
The magic dart hits the water moccasin!
The water moccasin is heavily wounded.
The water moccasin bites you.
You are poisoned.
The water moccasin poisons you!
Unknown command.
You closely miss the water moccasin. You grab the water moccasin.
The water moccasin is heavily wounded.
You constrict the water moccasin, but do no damage.
You feel very sick. The water moccasin bites you! x2
* * * LOW HITPOINT WARNING * * *
You hit the water moccasin.
Your weapon exudes an aura of protection.
The water moccasin is severely wounded.
You constrict the water moccasin.
* * * LOW HITPOINT WARNING * * *
You feel very sick.
The water moccasin bites you but does no damage.
It was a potion of brilliance.
You feel clever all of a sudden.
You constrict the water moccasin. Elyvilon protects you from harm!
The water moccasin bites you.
* * * LOW HITPOINT WARNING * * *
You are more poisoned.
The water moccasin poisons you!
It was a potion of cancellation.
Your magical effects are unravelling.
You feel magically purged.
You feel a little less clever now.
You constrict the water moccasin.
You die...

#.# #.# .#.##
#.########.# .# #
#.##.......####.#
#.##.......##...#
###...............#
...................(
###..........###.###
####..>....# #S#
#.......# #@#
#######.# #.# #.#
#.# #)###.# #.#...#
#.#.### #.#.#
#.#.#######
#..........


You could see a water moccasin.

Vanquished Creatures
  2 water moccasin skeletons (D:5)
  3 adders
  An ufetubus (D:4)
  A worm (D:5)
  A dart slug (D:2)
  6 endoplasms
  8 goblins
  7 hobgoblins
  6 kobolds
  A quokka (D:2)
  7 ball pythons
  6 bats
  4 frilled lizards (D:1)
  4 rats
  A bush (D:1)
58 creatures vanquished.

Notes
Turn   | Place    | Note
-------+----------+-------------------------------------------
     0 | D:1      | Sabo the Octopode Conjurer began the quest for the Orb.
     0 | D:1      | Reached XP level 1. HP: 11/11 MP: 3/3
   303 | D:1      | Reached XP level 2. HP: 17/17 MP: 1/5
  1391 | D:2      | Reached XP level 3. HP: 21/21 MP: 4/6
  1701 | D:2      | Reached skill level 5 in Conjurations
  2000 | D:2      | Found a faded altar of an unknown god.
  2024 | D:2      | Prayed at the altar of an unknown god.
  2024 | D:2      | Became a worshipper of Elyvilon the Healer
  2024 | D:2      | Reached * piety under Elyvilon
  2509 | D:2      | Found a snail-covered altar of Cheibriados.
  2576 | D:2      | Found Xetonimm's Weapon Shop.
  2666 | D:3      | Reached XP level 4. HP: 27/27 MP: 1/7
  2806 | D:3      | Found Suug Pae's Magic Scroll Shoppe.
  2838 | D:3      | Bought a scroll of identify for 28 gold pieces
  3449 | D:4      | Reached ** piety under Elyvilon
  3553 | D:4      | You fall into a shaft and drop 1 floor!
  3553 | D:5      | Entered Level 5 of the Dungeon
  3599 | D:5      | Reached XP level 5. HP: 23/31 MP: 1/9
  3682 | D:5      | Noticed a komodo dragon
  3682 | D:5      | Noticed an ogre
  3755 | D:5      | Noticed a water moccasin
  3895 | D:5      | Elyvilon protects you from harm!
  3896 | D:5      | Succumbed to a water moccasin's poison

Illustrated notes

Levels and vault maps discovered:
D:1:      minmay_arrival_stair_chambers, layout_basic, serial_forest,
          infiniplex_forest_corner_2, infiniplex_forest_clump_diagonal,
          infiniplex_forest_straight_2, infiniplex_forest_lined_room_2,
          infiniplex_forest_lined_room_2, infiniplex_forest_clump_small,
          infiniplex_forest_end_3
D:2:      layout_basic, basic_altar, chequers_ecumenical_altar_simple_redux,
          serial_shops, nicolae_shop_stone
D:3:      layout_basic, serial_shops, shop, minmay_checkerbox
D:4:      layout_loops_ring, lightli_sewer_entry_pipes
D:5:      layout_loops_ring, temple_statues,
          hangedman_abyss_or_decor_lesser_grid, wad_floor_pattern_1

Skill      XL: |  1  2  3  4 |
---------------+-------------+-----
Conjurations   | 5 |  5.4
Stealth        | 3 |  3.5
Spellcasting   | 3 |  3.5
Maces & Flails | |  0.1
Dodging        | |  2.2

Action                   |  1- 3 |  4- 6 || total
-------------------------+-------+-------++-------
Melee: Whip              |   121 |       ||   121
       Tentacles         |    47 |       ||    47
       Constrict         |     2 |     1 ||     3
       Dagger            |       |     4 ||     4
 Cast: Magic Dart        |    75 |    49 ||   124
  Use: Scroll            |       |     2 ||     2
       Potion            |       |     2 ||     2
Armor: Skin              |     2 |     1 ||     3
Dodge: Dodged            |     5 |    12 ||    17

Table legend: (Time is in decaauts)
 A = Elapsed time spent in this place.
 B = Non-inter-level travel time spent in this place.
 C = Inter-level travel time spent in this place.
 D = Time resting spent in this place.
 E = Time spent auto-exploring this place.
 F = Levels seen in this place.
 G = Mean time per level.
                   A        B        C        D        E       F      G
               +--------+--------+--------+--------+--------+-----+--------+
         Total |   3906 |   3906 |      0 |   1390 |      0 |   5 |  781.2 |
       Dungeon |   3906 |   3906 |      0 |   1390 |      0 |   5 |  781.2 |
               +--------+--------+--------+--------+--------+-----+--------+

Top non-repeatable levels by time:
     D:2: 1395 daAuts
     D:1: 1354 daAuts
     D:3: 617 daAuts
     D:5: 342 daAuts
     D:4: 197 daAuts
